 Dungeon Crawl Stone Soup version 0.27-a0-412-g8dd771eca2 (webtiles) character file.

Game seed: 3584398325520001521

225 DavidChitty2 the Chopper (level 6, 0/53 HPs)
             Began as a Hill Orc Fighter on Feb 23, 2021.
             Was a Follower of Beogh.
             Slain by an orc wizard
             ... wielding a +1 vampiric dagger
              (1 damage)
             ... on level 4 of the Dungeon.
             The game lasted 00:03:27 (3144 turns).

DavidChitty2 the Chopper (Hill Orc Fighter)         Turns: 3144, Time: 00:03:28

Health: 0/53       AC: 10    Str: 21    XL:     6   Next: 1%
Magic:  7/7        EV:  7    Int:  8    God:    Beogh [*.....]
Gold:   91         SH:  9    Dex: 10    Spells: 5/5 levels left

rFire    . . .     SeeInvis .   a - +0 war axe
rCold    . . .     Faith    .   c - +0 kite shield
rNeg     . . .     Spirit   .   b - +0 scale mail
rPois    .         Reflect  .   (no helmet)
rElec    .         Harm     .   g - +0 cloak
rCorr    .         Rampage  .   l - +1 pair of gloves
Will     .....                  (no boots)
Stlth    ..........             (no amulet)
HPRegen  0.17/turn              (no ring)
MPRegen  0.10/turn              (no ring)

@: no status effects
A: no striking features
a: Renounce Religion


You were on level 4 of the Dungeon.
You worshipped Beogh.
Beogh was aware of your devotion.
You visited 1 branch of the dungeon, and saw 4 of its levels.

You collected 91 gold pieces.

Inventory:

Hand Weapons
 a - a +0 war axe (weapon)
Armour
 b - a +0 scale mail (worn)
 c - a +0 kite shield (worn)
 g - a +0 cloak (worn)
   (You found it on level 3 of the Dungeon)
 l - a +1 pair of gloves (worn)
   (You found it on level 2 of the Dungeon)
Scrolls
 f - a scroll of fog {unknown}
Potions
 d - a potion of might
 e - a potion of heal wounds {unknown}
 h - a potion of degeneration {unknown}
 j - a potion of cancellation
 k - a potion of attraction {!q}


   Skills:
 + Level 4.6 Fighting
 * Level 5.3 Axes
 + Level 4.2 Armour
 + Level 4.2 Shields
 + Level 1.5 Invocations


You had 5 spell levels left.
You didn't know any spells.
Your spell library was empty.

Dungeon Overview and Level Annotations

Branches:
Dungeon (4/15)
 Temple: D:4-7

Altars:
Ashenzari
Elyvilon
Fedhas
Kikubaaqudgha
Uskayaw
Vehumet
Wu Jian
Zin
The Shining One


Message History

You block the orc's attack.
You closely miss the orc. The orc completely misses you.
You closely miss the orc. You slash something!
Something hits you but does no damage.
You barely miss something. Something hits you but does no damage.
Something hits you.
You closely miss something.
The orc priest invokes the aid of Beogh against you.
Beogh smites you! You block something's attack.
You miss something. You block something's attack.
Unknown command.
You closely miss something. Something hits you but does no damage.
Something hits you but does no damage.
You barely miss something.
The orc priest invokes the aid of Beogh against you.
Beogh smites you! Something hits you but does no damage.
You closely miss something. You block something's attack.
The orc priest calls down the wrath of Beogh upon you.
Beogh smites you!
* * * LOW HITPOINT WARNING * * *
Something hits you but does no damage.
It was a potion of attraction.
You feel attractive to monsters.
You hear some strange, mumbled words.
A puff of flame appears from out of thin air!
The puff of flame hits you.
* * * LOW HITPOINT WARNING * * *
You closely miss something.
The orc priest looks satisfied for a moment.
Something hits you but does no damage.
It was a potion of cancellation.
Your magical effects are unravelling.
You feel magically purged.
You hear some strange, mumbled words.
A magic dart appears from out of thin air!
The magic dart hits you.
* * * LOW HITPOINT WARNING * * *
You feel less attractive to monsters.
You miss something. Something hits you but does no damage.
The orc priest mumbles some strange prayers to Beogh against you.
Beogh smites you!
* * * LOW HITPOINT WARNING * * *
Something hits you.
You die...
Beogh appreciates something's killing of a heretic priest.

#.....# #####.#.#.#
#<##...o..# #.##......##
################.##...o...
.................##.....#
####################.#.#
#.....@{oo...#
#.########...#
###+#..........#
#########......####....#
#......##......'.......#
#.####.##...[..#####...#
.....#.##......# #...#
#.##.#.######.## #...#
#.##.#.######.# #...#


You could see an orc priest and an orc.

Vanquished Creatures
  A scorpion (D:4)
  A worker ant (D:4)
  4 adders
  An ooze (D:1)
  A worm (D:2)
  2 leopard geckos
  17 orcs
  A ball python (D:3)
  2 giant cockroaches
  5 goblins
  8 hobgoblins
  2 jackals (D:4)
  A quokka (D:2)
  6 bats
  4 frilled lizards
  8 kobolds
  6 rats
70 creatures vanquished.

Vanquished Creatures (others)
  An orc wizard (D:3)
  A bat (D:3)
2 creatures vanquished.

Grand Total: 72 creatures vanquished

Notes
Turn   | Place    | Note
-------+----------+-------------------------------------------
     0 | D:1      | DavidChitty2 the Hill Orc Fighter began the quest for the
                  | Orb.
     0 | D:1      | Reached XP level 1. HP: 19/19 MP: 1/1
   144 | D:1      | Reached skill level 3 in Axes
   275 | D:1      | Reached XP level 2. HP: 24/27 MP: 2/2
   546 | D:1      | Reached XP level 3. HP: 32/33 MP: 3/3
  1120 | D:2      | Reached skill level 4 in Axes
  1405 | D:2      | Reached XP level 4. HP: 40/40 MP: 4/4
  2044 | D:3      | Found an ancient bone altar of Kikubaaqudgha.
  2044 | D:3      | Found a radiant altar of Vehumet.
  2076 | D:3      | Became a worshipper of Beogh the Brigand
  2089 | D:3      | Found a hide-covered altar of Uskayaw.
  2089 | D:3      | Found a broken altar of Ashenzari.
  2089 | D:3      | Found an ornate altar of the Wu Jian Council.
  2089 | D:3      | Found a blossoming altar of Fedhas.
  2153 | D:3      | Reached XP level 5. HP: 37/47 MP: 5/5
  2619 | D:3      | Reached * piety under Beogh
  2656 | D:3      | Reached skill level 1 in Invocations
  2671 | D:3      | Found a glowing golden altar of the Shining One.
  2671 | D:3      | Found a white marble altar of Elyvilon.
  2671 | D:3      | Found a glowing silver altar of Zin.
  2812 | D:4      | Reached skill level 5 in Axes
  3075 | D:4      | Reached XP level 6. HP: 45/53 MP: 7/7
  3144 | D:4      | HP: 1/53 [orc priest/divine providence (12)]
  3144 | D:4      | Slain by an orc wizard

Illustrated notes

Levels and vault maps discovered:
D:1:      minmay_arrival_stair_chambers, layout_rooms
D:2:      layout_loops_corners, amcnicky_mini_rare_corridor_liquid
D:3:      layout_loops_cross, good_gods_mini_temple,
          grunt_temple_overflow_cloverleaf, gammafunk_temple_overflow_wave
D:4:      layout_basic, kennysheep_slug_shrine, uniq_blork_the_orc

Skill      XL: |  1  2  3  4  5 |
---------------+----------------+-----
Axes           | 3 4 5 |  5.3
Fighting       | 4 |  4.6
Armour         | 4 |  4.2
Shields        | 4 |  4.2
Invocations    | 1 |  1.5

Action                   |  1- 3 |  4- 6 || total
-------------------------+-------+-------++-------
Melee: War axe           |    96 |   138 ||   234
Invok: Convert to Beogh  |       |     1 ||     1
  Use: Scroll            |       |     5 ||     5
       Potion            |       |     3 ||     3
Armor: Scale mail        |    41 |    80 ||   121
Dodge: Dodged            |    37 |    37 ||    74
Block: Kite shield       |    52 |    75 ||   127

Table legend: (Time is in decaauts)
 A = Elapsed time spent in this place.
 B = Non-inter-level travel time spent in this place.
 C = Inter-level travel time spent in this place.
 D = Time resting spent in this place.
 E = Time spent auto-exploring this place.
 F = Levels seen in this place.
 G = Mean time per level.
                   A        B        C        D        E       F      G
               +--------+--------+--------+--------+--------+-----+--------+
         Total |   3264 |   3148 |    116 |    386 |   2166 |   4 |  816.0 |
       Dungeon |   3264 |   3148 |    116 |    386 |   2166 |   4 |  816.0 |
               +--------+--------+--------+--------+--------+-----+--------+

Top non-repeatable levels by time:
     D:2: 1125 daAuts
     D:3: 996 daAuts
     D:1: 741 daAuts
     D:4: 402 daAuts
